Unix NetHack Version 5.0.0-0 post-release - last build Jun 10 2026 00:39:30 (3ee93aec679c4c4259841fe613dc97188e26a321,branch:main).

Game began 2026-06-28 23:50:24, ended 2026-06-29 00:03:01.

DaveT, lawful male human Priest

   ------
   |.....
   |....|
   |....|
   |...<+
   -.-|--
    # 1
      #        1
      f
      @
      d
      .
      %
      .
     .?.
     ...
    -----

DaveT the Acolyte            St:16 Dx:10 Co:18 In:12 Wi:13 Ch:8  Lawful
Dlvl:7  $:156 HP:0(59) Pw:63(63) AC:0  Xp:5 T:3378  Burdened

Latest messages:
 Are you sure you want to pray? [yn] (n) y
 You begin praying to Tyr.
 You are surrounded by a shimmering light.
 The dingo starts to attack you, but pulls back.
 The jaguar starts to attack you, but pulls back.
 The dingo starts to attack you, but pulls back.
 The jaguar starts to attack you, but pulls back.
 The dingo starts to attack you, but pulls back.
 The jaguar starts to attack you, but pulls back.
 The dingo starts to attack you, but pulls back.
 The jaguar starts to attack you, but pulls back.
 The jaguar starts to attack you, but pulls back.
 You finish your prayer.
 You feel that Tyr is well-pleased.
 You feel much better.
 The dingo bites!
 The jaguar hits!
 The jaguar misses!
 The jaguar bites!
 You hit the dingo!
 The dingo bites!
 The jaguar misses!
 The jaguar hits!
 The jaguar bites!
 You hit the dingo!
 The dingo misses!
 The jaguar hits!
 The jaguar hits again!
 The jaguar bites!
 You miss the dingo.
 The dingo misses!
 The jaguar hits!
 The jaguar just misses!
 The jaguar bites!
 The dingo bites!
 The dingo bites!
 The jaguar hits!
 The jaguar hits again!
 The jaguar bites!
 The jaguar misses!
 The jaguar hits!
 The jaguar bites!
 You miss the dingo.
 The dingo misses!
 The jaguar misses!
 The jaguar hits!
 The jaguar bites!
 You die...
 Do you want your possessions identified? [ynq] (y) y
 Do you want to see your attributes? [ynq] (y) q

Inventory:
 Coins    ('$')
  $ - 156 gold pieces
 Weapons  (')')
  l - 3 +0 orcish daggers
  a - a blessed +2 mace (weapon in left hand)
 Armor    ('[')
  z - a +0 orcish helm (being worn)
  J - a +0 orcish helm
  p - a +0 pair of leather gloves (being worn)
  c - a +0 small shield (being worn)
  b - a +0 robe (being worn)
  r - a +0 chain mail (being worn)
 Comestibles  ('%')
  P - a carrot
  e - a clove of garlic
  q - 5 food rations
 Spellbooks  ('+')
  A - a spellbook of dig
  B - a spellbook of haste self
  o - a spellbook of light
  g - a spellbook of protection
  h - a spellbook of remove curse
 Potions  ('!')
  u - a cursed potion of fruit juice
  R - a blessed potion of healing
  N - a potion of healing
  s - a cursed potion of healing
  d - 4 potions of holy water
  G - a potion of water
 Rings    ('=')
  O - a ring of warning (on left hand)
 Tools    ('(')
  x - a lock pick
  w - an oil lamp
  k - a tin whistle
  H - a tin whistle
 Gems/Stones  ('*')
  E - a chrysoberyl stone
  j - a worthless piece of red glass
  v - a worthless piece of yellowish brown glass
  i - a luckstone

DaveT the Priest's attributes:

Background:
 You were an Acolyte, a level 5 human Priest.
 You were lawful, on a mission for Tyr
 who was opposed by Odin (neutral) and Loki (chaotic).
 You were left-handed.
 You were in the Dungeons of Doom, on level 7.
 You entered the dungeon 3378 turns ago.
 It was the midnight hour.
 You had 317 experience points, 3 more were needed to attain level 6.

Basics:
 You had 0 out of 59 hit points.
 You had all 63 energy points (spell power).
 Your armor class was 0.
 Your wallet contained 156 zorkmids.
 Autopickup was off.

Final Characteristics:
 Your strength was 16 (limit:18/100).
 Your dexterity was 10 (limit:18).
 Your constitution was 18 (limit:18).
 Your intelligence was 12 (limit:18).
 Your wisdom was 13 (limit:18).
 Your charisma was 8 (limit:18).

Final Status:
 You weren't hungry.
 You were burdened; movement was slightly slowed.
 You were wielding a mace.
 You had basic skill with mace and could have enhanced that.

Final Attributes:
 You were piously aligned.
 You were fire resistant.
 You were warned.
 You were guarded.
 Your spell casting was impaired by metallic armor, mitigated by your robe.
 You were lucky.
 You had extra luck.
 Bad luck did not time out for you.
 Good luck did not time out for you.
 You are dead.

Miscellaneous:
 You didn't encounter any bones levels.
 Total elapsed playing time was 12 minutes and 36 seconds.

Major events:
 Turn
    1: DaveT the lawful human Priest entered the dungeon
  736: attained the rank of Acolyte (level 3)
 1069: entered the Gnomish Mines
 3378: killed by a jaguar

Spells:
 Name                 Level Category     Fail Retention
 protection             1   clerical      78%   81%-90%
 remove curse           3   clerical      52%   81%-90%
 light                  1   clerical      78%   81%-90%
 dig                    5   matter       100%  76%-100%

Skills:
 Fighting Skills
   bare handed combat [Unskilled]
 Weapon Skills
   club               [Unskilled]
   mace               [Basic]
   morning star       [Unskilled]
   flail              [Unskilled]
   hammer             [Unskilled]
   quarterstaff       [Unskilled]
   polearms           [Unskilled]
   spear              [Unskilled]
   trident            [Unskilled]
   lance              [Unskilled]
   bow                [Unskilled]
   sling              [Unskilled]
   crossbow           [Unskilled]
   dart               [Unskilled]
   shuriken           [Unskilled]
   boomerang          [Unskilled]
   unicorn horn       [Unskilled]
 Spellcasting Skills
   healing spells     [Unskilled]
   divination spells  [Unskilled]
   clerical spells    [Basic]

Voluntary challenges:
 Character rerolling was not enabled.
 You never genocided any monsters.
 You never polymorphed an object.
 You never changed form.
 You used no wishes.
Achievements:
 You attained the rank of Acolyte.
 You entered the Gnomish Mines.
 You entered a shop.

 The Dungeons of Doom: levels 1 to 7
    Level 1:
       A fountain.
    Level 2:
       A fountain.
    Level 3: "vault door in <"
       Some sinks.
       Stairs down to The Gnomish Mines.
    Level 4:
       A potion shop, some fountains.
    Level 5:
       A food shop, a fountain.
    Level 6:
    Level 7: <- You were here.
       Final resting place for
          you, killed by a jaguar.
 The Gnomish Mines:
    Level 4:


Vanquished creatures:
  a small mimic
  a rock piercer
  a pony
  a shrieker
  a violet fungus
  a gray ooze
  a ghoul
  a straw golem
  a homunculus
  a centipede
  2 giant bats
  a wererat
  a werejackal
 an iguana
  2 acid blobs
  3 coyotes
  a gas spore
  a large kobold
  5 giant rats
  2 gnomes
  3 garter snakes
  2 geckos
  6 jackals
  3 foxes
  3 goblins
  5 sewer rats
  3 grid bugs
  3 lichens
  7 newts
64 creatures vanquished.

No species were genocided or became extinct.

Game over:
                       ----------
                      /          \
                     /    REST    \
                    /      IN      \
                   /     PEACE      \
                  /                  \
                  |      DaveT       |
                  |      156 Au      |
                  |   killed by a    |
                  |      jaguar      |
                  |                  |
                  |                  |
                  |       2026       |
                 *|     *  *  *      | *
        _________)/\\_//(\/(/\)/\//\/|_)_______

Goodbye DaveT the Priest...

You died in The Dungeons of Doom on dungeon level 7 with 1759 points,
and 156 pieces of gold, after 3378 moves.
You were level 5 with a maximum of 59 hit points when you died.

